 Dungeon Crawl Stone Soup version 0.29-a0-334-gb41bcbb86e (webtiles) character file.

Game seed: 10852870054055316138

539 spaghetti the Covert (level 7, -4/46 HPs)
             Began as an Octopode Delver on Apr 13, 2022.
             Slain by Duvessa
             ... wielding a +0 short sword
              (15 damage)
             ... on level 5 of the Dungeon.
             The game lasted 00:01:20 (828 turns).

spaghetti the Covert (Octopode Delver)               Turns: 828, Time: 00:01:20

Health: -4/46      AC:  1    Str:  8 (11) XL:     7   Next: 26%
Magic:  7/7        EV: 13    Int: 10 (13) God:
Gold:   39         SH:  0    Dex: 14 (15) Spells: 6/6 levels left

rFire   . . .      SeeInvis .   a - +0 short sword {short}
rCold   . . .      Faith    .   (no shield)
rNeg    . . .      Spirit   .   (helmet restricted)
rPois   .          Reflect  .   (no amulet)
rElec   .          Harm     .   (no ring)
rCorr   .          Rampage  .   (no ring)
Will    .....                   (no ring)
Stlth   +++.......              (no ring)
HPRegen 0.15/turn               (no ring)
MPRegen 0.10/turn               (no ring)
                                (no ring)
                                (no ring)

@: brilliant, lit by a corona, marked, glowing
A: almost no armour, amphibious, 8 rings, camouflage 1, gelatinous body 1,
(nimble swimmer 1), tentacles
a: no special abilities


You were on level 5 of the Dungeon.
You visited 1 branch of the dungeon, and saw 2 of its levels.

You collected 39 gold pieces.


Innate Abilities, Weirdness & Mutations

You cannot wear most types of armour.
You are amphibious.
You can wear up to eight rings at the same time.
Your skin changes colour to match your surroundings (Stealth+).
Your rubbery body absorbs attacks. (AC +1, EV +1)
((You are camouflaged when in or above water. (Stealth+)))
You have tentacles for arms and can constrict up to eight enemies at once.


   Skills:
 - Level 3.0 Fighting
 - Level 2.0 Short Blades
 - Level 2.0 Dodging
 + Level 12.4 Stealth


You had 6 spell levels left.
You didn't know any spells.
Your spell library was empty.

Inventory:

Hand Weapons
 a - a +0 short sword (weapon) {short}
Armour
 g - a +0 cloak
   (You found it on level 5 of the Dungeon)
Wands
 f - a wand of digging (3)
 k - a wand of flame (1)
   (You found it on level 5 of the Dungeon)
Scrolls
 b - a scroll of fog
 h - 2 scrolls of identify {unknown}
 i - a scroll of immolation {unknown}
Potions
 e - a potion of haste {@q3}

Dungeon Overview and Level Annotations

Branches:
Dungeon (5/15)
 Temple: D:4-7

Altars:
Vehumet

Annotations:
D:5 Duvessa

#.#.........# #...#.._..#..
#####.#.........#
#...#....#...#...
#......#...#...#.
#####................
***####.........)..#.#.#..#
*,,......##...............#
*,,......e@w.....########.#
***,,......###.#.### #.#
*,,,,.....,,,#...# #.#
**,,,,...".....#..# #..
*,,,,,..........e.# ###
*,,,,,............###* #
*,,,,,.,.w...........#* #
*,,,,,,,.s....e.......* #
*,,,,,,,..............########


You could see Duvessa (berserk) and a worm.


Message History

You now have 46 max hp (+4).
Your hp is fully restored (46).
Your mp is fully restored (7).
Your library has no spells.
You aren't carrying any pieces of jewellery.
You start waiting.
Done waiting.
k - a wand of flame (8) Key pressed, stopping explore.
An iguana comes into view.
An iguana is nearby!
An iguana is nearby!
The helpless iguana fails to defend itself.
You perforate the iguana like a sieve!!!
You kill the iguana!
Dowan, Brother of Duvessa comes into view.
He is wielding a +0 dagger.
Dowan shouts!
Duvessa, Sister of Dowan comes into view.
She is wielding a +0 short sword.
Duvessa pulls the alarm!
The alarm trap emits a blaring wail!
A sentinel's mark forms upon you.
Dowan points at you and mumbles some strange words.
The puff of flame hits you!
A worm comes into view.
You hear a bark!
You hear a shout! x5 😕 HP[-8]
You take 8 damage, and now have 38/46 hp.
A scorpion comes into view.
It was a potion of degeneration.
There was something very wrong with that liquid.
You feel weakened.
You feel dopey.
You feel clumsy.
Unknown command.
It was a potion of brilliance.
You feel clever all of a sudden.
Unknown command.
Your library has no spells.
Aiming: Throw Flame
Press: ? - help, Shift-Dir - straight line, f - Dowan
Aim: Dowan, wielding a +0 dagger and wearing a +0 robe (56% to hit)
The puff of flame hits Dowan. 😕 HP[+1]
Aiming: Throw Flame
Press: ? - help, Shift-Dir - straight line, f/p - Dowan
Aim: Dowan, wielding a +0 dagger and wearing a +0 robe (moderately wounded, 56% to hit)
The puff of flame hits Dowan.
Dowan closely misses you.
Aiming: Throw Flame
Press: ? - help, Shift-Dir - straight line, f/p - Dowan
Aim: Dowan, wielding a +0 dagger and wearing a +0 robe (moderately wounded, 56% to hit)
The puff of flame misses Dowan.
Dowan barely misses you.
Aiming: Throw Flame
Press: ? - help, Shift-Dir - straight line, f/p - Dowan
Aim: Dowan, wielding a +0 dagger and wearing a +0 robe (moderately wounded, 56% to hit)
The puff of flame hits Dowan!
Duvessa barely misses you. Dowan hits you with a +0 dagger.
The scorpion closely misses you. 😮 HP[-5]
You take 5 damage, and now have 34/46 hp.
As you read the scroll of fear, it crumbles to dust.
You assume a fearsome visage.
Duvessa looks frightened!
Dowan looks frightened!
The scorpion looks frightened!
Dowan points at you and mumbles some strange words.
You are outlined in light.
Unknown command.
Unknown command.
You completely miss Dowan. Your grab misses Dowan.
Your attack snaps Dowan out of his fear.
You squeeze Dowan.
You kill Dowan!
Duvessa weeps, and shakes her weapon.
Duvessa goes berserk!
Duvessa hits you with a +0 short sword. 😮 HP[-5]
You take 5 damage, and now have 29/46 hp.
Unknown command.
You closely miss Duvessa. Your grab misses Duvessa.
Your squeeze misses Duvessa. Duvessa hits you with a +0 short sword!
* * * LOW HITPOINT WARNING * * *
😨 HP[-7]
You take 7 damage, and now have 22/46 hp.
Okay, then.
Okay, then.
Aiming: Throw Flame
Press: ? - help, Shift-Dir - straight line, f - Duvessa
Aim: Duvessa, wielding a +0 short sword and wearing a +0 leather armour (berserk, 72% to hit)
The puff of flame hits Duvessa but does no damage.
Duvessa hits you with a +0 short sword!
* * * LOW HITPOINT WARNING * * *
Duvessa misses you. 😨 HP[-9]
You take 9 damage, and now have 13/46 hp.
Aiming: Throw Flame
Press: ? - help, Shift-Dir - straight line, f/p - Duvessa
Aim: Duvessa, wielding a +0 short sword and wearing a +0 leather armour (berserk, 72% to hit)
The puff of flame hits Duvessa.
Duvessa closely misses you. The worm bites you.
* * * LOW HITPOINT WARNING * * *
😱 HP[-2]
You take 2 damage, and now have 11/46 hp.
Aiming: Throw Flame
Press: ? - help, Shift-Dir - straight line, f/p - Duvessa
Aim: Duvessa, wielding a +0 short sword and wearing a +0 leather armour (lightly wounded, berserk, 72% to hit)
The puff of flame hits Duvessa.
Duvessa hits you with a +0 short sword!
You die...

Skill      XL: |  1  2  3  4  5  6 |
---------------+-------------------+-----
Stealth        | 7 8 10 11 12 | 12.4
Fighting       | |  3.0
Short Blades   | |  2.0
Dodging        | |  2.0

Action                   |  1- 3 |  4- 6 |  7- 9 || total
-------------------------+-------+-------+-------++-------
Melee: Short sword       |     6 |    12 |     3 ||    21
       Tentacles         |     3 |     4 |     1 ||     8
       Constrict         |     2 |     1 |       ||     3
Evoke: Wand              |       |       |     7 ||     7
  Use: Scroll            |       |     1 |     1 ||     2
       Potion            |       |       |     2 ||     2
 Stab: Sleeping          |     1 |     4 |     1 ||     6
Dodge: Dodged            |     3 |     5 |     6 ||    14

Levels and vault maps discovered:
D:4:      layout_cave_pools, lemuel_crystal_altar,
          mainiacjoe_overflow_small_starburst, uniq_pikel
D:5:      layout_rooms, mainiacjoe_overflow_cross_hatched,
          nicolae_vehumet_radiance, serial_glass, glass_columns_c,
          glass_columns_a, glass_columns_c, glass_columns_a, uniq_duvessa,
          uniq_eustachio

Notes
Turn   | Place    | Note
-------+----------+-------------------------------------------
     0 | D:5      | spaghetti the Octopode Delver began the quest for the Orb.
     0 | D:5      | Reached XP level 1. HP: 16/16 MP: 1/1
     0 | D:5      | magus.rc [v1.9.6]
    13 | D:5      | Noticed a sky beast
    17 | D:5      | Reached skill level 7 in Stealth
    17 | D:5      | Reached XP level 2. HP: 19/21 MP: 2/2
    34 | D:4      | Noticed a scorpion
    36 | D:4      | Reached skill level 8 in Stealth
    36 | D:4      | Reached XP level 3. HP: 25/26 MP: 3/3
    44 | D:5      | Reached XP level 4. HP: 24/31 MP: 4/4
   154 | D:5      | Noticed Eustachio
   166 | D:5      | HP: 6/31 [Eustachio/+0 falchion (8)]
   167 | D:5      | Killed Eustachio
   168 | D:5      | Reached skill level 10 in Stealth
   168 | D:5      | Reached XP level 5. HP: 6/36 MP: 5/5
   437 | D:5      | Noticed a phantom
   443 | D:5      | Killed a phantom
   444 | D:5      | Reached skill level 11 in Stealth
   444 | D:5      | Reached XP level 6. HP: 42/42 MP: 6/6
   558 | D:5      | Killed a sky beast
   663 | D:5      | Noticed a sky beast
   666 | D:5      | Found a radiant altar of Vehumet.
   669 | D:5      | Killed a sky beast
   670 | D:5      | Reached skill level 12 in Stealth
   670 | D:5      | Reached XP level 7. HP: 46/46 MP: 7/7
   810 | D:5      | Noticed Dowan
   812 | D:5      | Noticed Duvessa
   824 | D:5      | Killed Dowan
   827 | D:5      | HP: 11/46 [worm (2)]
   828 | D:5      | Slain by Duvessa

Vanquished Creatures
  Eustachio (D:5)
  2 sky beasts (D:5)
  A phantom (D:5)
  Dowan (D:5)
  An orc priest (D:4)
  A hound (D:5)
  An iguana (D:5)
  An adder (D:5)
  A dart slug (D:5)
10 creatures vanquished.

Table legend:
 A = Non-vault XP
 B = Vault XP
 C = Vault XP percentage of total XP
 D = Non-vault monster count
 E = Vault monster count
 F = Vault count percentage of total count
                 A         B        C        D         E       F
            +---------+---------+-------+---------+---------+-------
      Total |     508 |     263 |  34.1 |       8 |       2 |  20.0
            +---------+---------+-------+---------+---------+-------
        D:4 |      43 |       0 |   0.0 |       1 |       0 |   0.0
        D:5 |     465 |     263 |  36.1 |       7 |       2 |  22.2
            +---------+---------+-------+---------+---------+-------

Illustrated notes

Table legend:
 A = Kills in this place as a percentage of kills in entire the game.
 B = Kills by you in this place as a percentage of kills by you in the entire game.
 C = Kills by friends in this place as a percentage of kills by friends in the entire game.
 D = Other kills in this place as a percentage of other kills in the entire game.
 E = Experience gained in this place as a percentage of experience gained in the entire game.
 F = Experience gained in this place divided by the number of levels of this place that you have seen.
                   A       B       C       D       E      F
               +-------+-------+-------+-------+-------+----------------------
         Total | 100.0 | 100.0 |   N/A |   N/A | 100.0 | 385.5
       Dungeon | 100.0 | 100.0 |   N/A |   N/A | 100.0 | 385.5
               +-------+-------+-------+-------+-------+----------------------

Table legend: (Time is in decaauts)
 A = Elapsed time spent in this place.
 B = Non-inter-level travel time spent in this place.
 C = Inter-level travel time spent in this place.
 D = Time resting spent in this place.
 E = Time spent auto-exploring this place.
 F = Levels seen in this place.
 G = Mean time per level.
                   A        B        C        D        E       F      G
               +--------+--------+--------+--------+--------+-----+--------+
         Total |    828 |    828 |      0 |    377 |    336 |   2 |  414.0 |
       Dungeon |    828 |    828 |      0 |    377 |    336 |   2 |  414.0 |
               +--------+--------+--------+--------+--------+-----+--------+

Top non-repeatable levels by time:
     D:5: 819 daAuts
     D:4: 8 daAuts
